 Dungeon Crawl Stone Soup version 0.31.0-32-g396128a36d (webtiles) character file.

Game seed: 13687017601578199390

135 Silvore the Trooper (level 4, 0/41 HPs)
             Began as a Minotaur Fighter on Apr 11, 2024.
             Slain by Ijyb
             ... wielding a +0 dagger
              (4 damage)
             ... on level 3 of the Dungeon.
             The game lasted 00:02:50 (1944 turns).

Silvore the Trooper (Minotaur Fighter)              Turns: 1944, Time: 00:02:51

Health: 0/41       AC:  0    Str: 22    XL:     4   Next: 97%
Magic:  3/3        EV: 13    Int:  5    God:
Gold:   374        SH:  0    Dex: 10    Spells: 3/3 levels left

rFire   . . .        a - melded +1 flail
rCold   . . .        c - melded +0 buckler
rNeg    . . .        b - melded +0 scale mail
rPois   .            (helmet currently unavailable)
rElec   .            o - melded +0 cloak
rCorr   .            (gloves currently unavailable)
SInv    .            e - melded +0 pair of boots
Will    .....        (no amulet)
Stlth   +            j - melded +6 ring of intelligence
HPRegen 0.26/turn    (ring currently unavailable)
MPRegen 0.08/turn

%: no passive effects
@: pig-form (expiring), very quick
A: fast, no casting, small, (horns 2), (retaliatory headbutt)
a: no special abilities


You were on level 3 of the Dungeon.
You were a filthy swine.
You visited 1 branch of the dungeon, and saw 3 of its levels.

You collected 374 gold pieces.

Inventory:

Hand Weapons
 a - a +1 flail (melded)
Armour
 b - a +0 scale mail (melded)
 c - a +0 buckler (melded)
 e - a +0 pair of boots (melded)
 o - a +0 cloak (melded)
Jewellery
 j - a +6 ring of intelligence (melded)
Scrolls
 p - a scroll of poison {unknown}
Potions
 d - a potion of might
 f - a potion of mutation {unknown}
 g - 3 potions of attraction
 h - a potion of magic {unknown}
 i - 4 potions of heal wounds
 k - a potion of haste {unknown}
 l - a potion of berserk rage {unknown}
 m - 4 potions of enlightenment {unknown}
 n - a potion of cancellation {unknown}


   Skills:
 + Level 4.6 Fighting
 + Level 4.2 Maces & Flails
 + Level 4.5 Armour
 + Level 0.6 Dodging
 + Level 4.1 Shields


You had 3 spell levels left.
You didn't know any spells.
Your spell library contained the following spells:

 Spells                   Type           Power      Damage    Failure   Level
 Dazzling Flash           Conj/Hex       0%         N/A       85%         3
 Volatile Blastmotes      Fire/Tloc      0%         2d10      85%         3
 Starburst                Conj/Fire      0%         6d3       100%        6
 Maxwell's Capacitive Co  Air            0%         ∞         100%        8


Dungeon Overview and Level Annotations

Branches:
Dungeon (3/15)

Altars:
Cheibriados
Hepliaklqana

Annotations:
D:3 Ijyb


Innate Abilities, Weirdness & Mutations

You are a filthy swine.
You move quickly.
Your equipment is almost entirely melded.
You are incapable of wielding weapons or throwing items.
You cannot cast spells.
((You have a pair of horns on your head.))
((You reflexively headbutt those who attack you in melee.))


Message History

Ijyb hits you with a +0 dagger.
You hit Ijyb but do no damage.
Ijyb is severely wounded.
Ijyb hits you with a +0 dagger.
You hit Ijyb but do no damage.
Ijyb is severely wounded.
Ijyb misses you.
You closely miss Ijyb.
Ijyb is severely wounded.
Ijyb closely misses you.
You hit Ijyb but do no damage.
Ijyb is severely wounded.
Ijyb closely misses you.
You completely miss Ijyb.
Ijyb is severely wounded.
You hit Ijyb but do no damage.
Ijyb is severely wounded.
Ijyb hits you with a +0 dagger.
You hit Ijyb.
Ijyb is severely wounded.
Ijyb hits you with a +0 dagger.
You closely miss Ijyb.
Ijyb is severely wounded.
Ijyb screams, "No!
No, no, no, no!"
Ijyb hits you with a +0 dagger.
* * * LOW HITPOINT WARNING * * *
You hit Ijyb.
Ijyb is almost dead.
Ijyb hits you with a +0 dagger.
* * * LOW HITPOINT WARNING * * *
You barely miss Ijyb.
Ijyb is almost dead.
Ijyb hits you with a +0 dagger.
* * * LOW HITPOINT WARNING * * *
Unknown command.
You closely miss Ijyb.
Ijyb is almost dead.
Your transformation is almost over.
Ijyb hits you with a +0 dagger.
You die...

#...# #.# #.#.#
#.# #
#####.#.###.#####
#
................#
####
...##...###.###.#
.... #..## #.#
#.# .... #..#
#.###.###### ....
##..#
#........... ....
#.hg#
#####.###### ....
#....## #.# ...?
#.##.# #.# # ...
... ..#
###.###### . ...#
### #........#
### #.#.####.#
##.. #.#..#...#
### ######...####
#.#.##.### ...
...........
#.#.##.# #


You could see Ijyb.

Vanquished Creatures
  A bombardier beetle (D:3)
  4 adders (D:2)
  A dart slug (D:2)
  An orc (D:3)
  4 ball pythons
  2 bats
  7 endoplasms (D:2)
  3 giant cockroaches
  6 goblins
  6 hobgoblins
  A quokka (D:1)
  A frilled lizard (D:1)
  12 kobolds
  10 rats
59 creatures vanquished.

Notes
Turn   | Place    | Note
-------+----------+-------------------------------------------
     0 | D:1      | Silvore the Minotaur Fighter began the quest for the Orb.
     0 | D:1      | Reached XP level 1. HP: 19/19 MP: 0/0
   208 | D:1      | Reached XP level 2. HP: 27/27 MP: 1/1
   765 | D:2      | Reached XP level 3. HP: 23/33 MP: 2/2
  1138 | D:2      | Found a hazy altar of Hepliaklqana.
  1193 | D:2      | Reached XP level 4. HP: 41/41 MP: 3/3
  1689 | D:3      | Found a snail-covered altar of Cheibriados.
  1922 | D:3      | Noticed Ijyb
  1944 | D:3      | Slain by Ijyb

Illustrated notes

Levels and vault maps discovered:
D:1:      dpeg_arrival_long_road, layout_loops_ring
D:2:      layout_basic, basic_altar, minmay_gold_behind_fungi,
          minmay_randomly_rotated_circles
D:3:      minmay_evil_eye, layout_basic, amcnicky_altar_gilded,
          minmay_misc_feat_plants, dreamdust_princess_bridge,
          minmay_increasing_density, uniq_ijyb, uniq_jessica

Skill      XL: |  1  2  3  4 |
---------------+-------------+-----
Fighting       | 4 |  4.6
Armour         | 4 |  4.5
Shields        | 4 |  4.1
Maces & Flails | 3 4 |  4.2
Dodging        | |  0.6

Action                     |  1- 3 |  4- 6 || total
---------------------------+-------+-------++-------
  Melee: Flail             |    66 |    53 ||   119
         Headbutt          |    11 |     6 ||    17
         Unarmed           |       |    14 ||    14
    Use: Potion            |     1 |       ||     1
         Scroll            |     2 |     4 ||     6
 Armour: Scale mail        |    57 |    33 ||    90
         Skin              |       |    10 ||    10
  Dodge: Dodged            |    29 |    30 ||    59
  Block: Buckler           |    16 |    15 ||    31
